 Dungeon Crawl Stone Soup version 0.30.0-29-ga12c61a403 (webtiles) character file.

Game seed: 10276057642064076194

4 McKennaii the Conjurer (level 1, -2/14 HPs)
             Began as a Demigod Conjurer on June 6, 2023.
             Frozen to death by an endoplasm (3 damage)
             ... on level 1 of the Dungeon.
             The game lasted 00:00:22 (124 turns).

McKennaii the Conjurer (Demigod Conjurer)            Turns: 124, Time: 00:00:23

Health: -2/14      AC:  2    Str:  8    XL:     1   Next: 46%
Magic:  1/5        EV: 12    Int: 20    God:
Gold:   32         SH:  0    Dex: 12    Spells: 3/4 levels left

rFire   . . .        c - staff of earth
rCold   . . .        (no shield)
rNeg    . . .        a - +0 robe
rPois   .            (no helmet)
rElec   .            (no cloak)
rCorr   .            (no gloves)
SInv    .            (no boots)
Will    .....        (no amulet)
Stlth   ++           (no ring)
HPRegen 0.22/turn    (no ring)
MPRegen 0.09/turn

%: no passive effects
@: no status effects
A: high MP 1, forlorn, divine attributes
a: no special abilities


You were on level 1 of the Dungeon.
You visited 1 branch of the dungeon, and saw 1 of its levels.

You collected 32 gold pieces.

Inventory:

Armour
 a - a +0 robe (worn)
Magical Staves
 c - a staff of earth (weapon)
Potions
 b - a potion of magic


   Skills:
 - Level 1.7 Dodging
 - Level 1.7 Stealth
 + Level 2.0 Spellcasting
 + Level 3.7 Conjurations


You had 3 spell levels left.
You knew the following spells:

 Your Spells              Type           Power      Damage    Failure   Level
a - Magic Dart            Conj           68%        1d6       3%          1

Your spell library contained the following spells:

 Spells                   Type           Power      Damage    Failure   Level
 Searing Ray              Conj           34%        2d5       4%          2
 Dazzling Flash           Conj/Hex       18%        N/A       22%         3
 Fulminant Prism          Conj/Hex       4%         3d5       58%         4
 Iskenderun's Mystic Bla  Conj/Tloc      9%         2d4       58%         4


Dungeon Overview and Level Annotations

Branches:
Dungeon (1/15)


Innate Abilities, Weirdness & Mutations

You have an increased reservoir of magic. (+10% MP)
You shall have no god before yourself.
Your divine heritage dramatically boosts your attributes as you level up.


Message History

Unknown command.
The endoplasm attacks as you move away! The endoplasm closely misses you.
The endoplasm attacks as you move away! The endoplasm barely misses you.
Casting: Magic Dart (safe; 3% risk of failure)
Confirm with . or Enter, or press ? or * to list all spells.
Aiming: Magic Dart (safe; 3% risk of failure)
Press: ? - help, Shift-Dir - straight line, f - endoplasm
Aim: an endoplasm (100% to hit)
The magic dart hits the endoplasm.
The endoplasm is heavily wounded.
The endoplasm freezes you.
You are frozen.
* * * LOW HITPOINT WARNING * * *
The endoplasm attacks as you move away! The endoplasm hits you.
* * * LOW HITPOINT WARNING * * *
The endoplasm attacks as you move away!
The endoplasm hits you but does no damage.
You barely miss the endoplasm.
The endoplasm is moderately wounded.
The endoplasm jiggles.
The endoplasm freezes you.
You are frozen.
* * * LOW HITPOINT WARNING * * *
The endoplasm hits you but does no damage.
You hit the endoplasm but do no damage.
The endoplasm is lightly wounded.
The endoplasm hits you but does no damage.
Unknown command.
You hit the endoplasm.
The endoplasm is heavily wounded.
The endoplasm freezes you.
You are frozen.
* * * LOW HITPOINT WARNING * * *
Unknown command.
You hit the endoplasm.
The endoplasm is severely wounded.
The endoplasm jiggles.
The endoplasm freezes you.
You are frozen.
You die...

#.......# ##
#.###.#.#
#.##w.#.##..
#............
#....#..##### ..#
#####....##.# ..# #
#.......## #.. ..#
#. #J#....## #.#
..+. #####@#...## .#
##... #........## #
...# #.##....##
#.#.###.###.##...##
.[†............#.#
..#.###.###.####.#
#..#.###.########..
.........##....###..
.#####..#.####.# (.


You could see an endoplasm.

Vanquished Creatures
  2 ball pythons (D:1)
  An endoplasm (D:1)
  A hobgoblin (D:1)
4 creatures vanquished.

Notes
Turn   | Place    | Note
-------+----------+-------------------------------------------
     0 | D:1      | McKennaii the Demigod Conjurer began the quest for the Orb.
     0 | D:1      | Reached XP level 1. HP: 14/14 MP: 5/5
   124 | D:1      | Frozen to death by an endoplasm

Illustrated notes

Levels and vault maps discovered:
D:1:      saegor_arrival_simple_e, layout_loops_cross, nrook_mini_backslash,
          chequers_serial_rivers_micro_c, grunt_decor_arrowhead, st_stairs_6

Skill      XL: |  1 |
---------------+----+-----
Spellcasting   | 2 |  2.0
Dodging        | |  1.7
Stealth        | |  1.7
Conjurations   | |  3.7

Action                     || total
---------------------------++-------
  Melee: Staff             ||     6
   Cast: Magic Dart        ||    11
 Armour: Robe              ||     3
  Dodge: Dodged            ||     3
